 Dungeon Crawl Stone Soup version 0.27-a0-550-ge92ec0ca06 (webtiles) character file.

Game seed: 17242242527698319933

67 illsorceress the Caller (level 4, -1/30 HPs)
             Began as a Merfolk Summoner on Mar 7, 2021.
             Was an Initiate of Fedhas.
             Killed from afar by Ijyb (7 damage)
             ... with an iceblast
             ... on level 3 of the Dungeon.
             The game lasted 00:34:36 (2336 turns).

illsorceress the Caller (Merfolk Summoner)          Turns: 2336, Time: 00:34:37

Health: -1/30      AC:  3    Str:  8    XL:     4   Next: 16%
Magic:  2/7        EV: 13    Int: 15    God:    Fedhas [......]
Gold:   100        SH:  0    Dex: 14    Spells: 7/8 levels left

rFire    . . .     SeeInvis .   u - +1 war axe (vorpal)
rCold    . . .     Faith    .   (no shield)
rNeg     . . .     Spirit   .   (no armour)
rPois    .         Reflect  .   n - +1 helmet
rElec    .         Harm     .   (no cloak)
rCorr    .         Rampage  .   (no gloves)
Will     .....                  s - +0 pair of boots
Stlth    ++........             (no amulet)
HPRegen  0.10/turn              (no ring)
MPRegen  0.10/turn              (no ring)

@: no status effects
A: change form in water, amphibious, nimble swimmer 2
a: Renounce Religion


You were on level 3 of the Dungeon.
You worshipped Fedhas.
Fedhas was noncommittal.
You visited 1 branch of the dungeon, and saw 3 of its levels.

You collected 100 gold pieces.

Inventory:

Hand Weapons
 c - a +0 club
 e - a +0 club
 f - a +0 dagger
 h - a +0 short sword
 j - a +0 club
 k - a +0 short sword
 m - a +0 dagger
 q - a +1 dagger of electrocution
 u - a +1 vorpal war axe (weapon)
Missiles
 o - 4 javelins (quivered)
Armour
 a - a +0 robe
 b - a +0 robe
 g - a +0 leather armour
 n - a +1 helmet (worn)
 p - a +0 robe
 s - a +0 pair of boots (worn)
 v - a +0 chain mail
Jewellery
 t - an amulet of guardian spirit
Scrolls
 d - 3 scrolls of identify
 l - a scroll of magic mapping
 r - a scroll of teleportation
Potions
 i - a potion of heal wounds {unknown}


   Skills:
 + Level 0.1 Fighting
 + Level 0.8 Short Blades
 + Level 0.4 Armour
 + Level 3.2 Dodging
 + Level 2.3 Stealth
 + Level 2.5 Spellcasting
 + Level 4.7 Summonings


You had 7 spell levels left.
You knew the following spells:

 Your Spells              Type           Power      Damage    Failure   Level
a - Summon Small Mammal   Summ           64%        N/A       3%          1

Your spell library contained the following spells:

 Spells                   Type           Power      Damage    Failure   Level
 Call Imp                 Summ           16%        N/A       4%          2
 Call Canine Familiar     Summ           16%        N/A       9%          3
 Summon Guardian Golem    Hex/Summ       9%         N/A       24%         3
 Summon Ice Beast         Ice/Summ       9%         N/A       61%         4
 Summon Lightning Spire   Summ/Air       9%         N/A       61%         4


Dungeon Overview and Level Annotations

Branches:
Dungeon (3/15)

Altars:
Fedhas
Zin

Annotations:
D:3 Ijyb


Innate Abilities, Weirdness & Mutations

You revert to your normal form in water.
You are amphibious.
You are quick and stealthy while swimming. (Stealth+, EV+, Speed+++)


Message History

The jackal is severely wounded.
Your bat barely misses the jackal. x3
The jackal bites you but does no damage.
Your bat hits the rat but does no damage.
The jackal closely misses you.
The frilled lizard barely misses your bat.
The rat closely misses you.
Your bat misses the rat.
Your bat completely misses the rat.
Your bat barely misses the rat.
The jackal completely misses you.
Your bat hits the frilled lizard.
The frilled lizard dies!
Fedhas appreciates your contribution to the ecosystem.
The jackal misses you.
Your bat hits the jackal but does no damage.
Your bat hits the jackal. The leopard gecko bites your bat.
The jackal bites your bat.
You barely miss the rat.
The rat is heavily wounded.
Your bat barely misses the jackal.
Your bat hits the jackal but does no damage.
The jackal barely misses your bat.
Your bat hits the jackal.
The jackal dies!
Fedhas appreciates your contribution to the ecosystem.
The rat bites you but does no damage. Ijyb hits you with a +0 club.
* * * LOW HITPOINT WARNING * * *
Your bat hits the rat but does no damage.
The leopard gecko closely misses your bat.
Ijyb misses your bat.
Your bat closely misses the rat.
Your bat barely misses the rat.
Your bat hits the rat but does no damage.
The leopard gecko closely misses your bat.
Your bat barely misses the rat.
Your bat hits Ijyb. The rat bites you.
* * * LOW HITPOINT WARNING * * *
Your bat barely misses Ijyb.
Your bat closely misses Ijyb.
Ijyb zaps a wand.
The mass of ice explodes!
The iceblast engulfs the rat!
The rat dies!
The iceblast engulfs you!
You die...
Fedhas appreciates your contribution to the ecosystem.

.... #..# #..# #..#
#..# #.<# #..#
#####..## #...@...#
#.#.†..## #.#.####
#.#g## #.bb.##
########### #w†...###
.....gwrh.###.....(.#
.##.#.##..w...†...#.#
.##.#.##.#####...##.#


You could see Ijyb, a worm and 2 friendly bats.

Vanquished Creatures
  An adder (D:2)
  A worm (D:2)
  A ball python (D:1)
  6 bats
  A giant cockroach (D:2)
  3 goblins (D:2)
  2 hobgoblins
  A jackal (D:3)
  2 kobolds
  A quokka (D:2)
  A frilled lizard (D:1)
  4 rats
24 creatures vanquished.

Vanquished Creatures (collateral kills)
  A gnoll (D:1)
  2 oozes
  A leopard gecko (D:1)
  2 giant cockroaches (D:1)
  5 goblins (D:1)
  3 hobgoblins
  3 jackals (D:3)
  A ball python (D:2)
  A frilled lizard (D:3)
  2 kobolds (D:2)
  5 rats
26 creatures vanquished.

Vanquished Creatures (others)
  An orc (D:3)
  A rat (D:3)
2 creatures vanquished.

Grand Total: 52 creatures vanquished

Notes
Turn   | Place    | Note
-------+----------+-------------------------------------------
     0 | D:1      | illsorceress the Merfolk Summoner began the quest for the
                  | Orb.
     0 | D:1      | Reached XP level 1. HP: 13/13 MP: 3/3
   195 | D:1      | You fall into a shaft and drop 1 floor!
   277 | D:2      | Reached XP level 2. HP: 11/19 MP: 0/5
  1014 | D:1      | Reached XP level 3. HP: 24/24 MP: 3/6
  1815 | D:2      | Reached XP level 4. HP: 19/30 MP: 7/7
  2020 | D:2      | Found a glowing silver altar of Zin.
  2020 | D:2      | Found a blossoming altar of Fedhas.
  2100 | D:2      | Became a worshipper of Fedhas Madash
  2282 | D:3      | Noticed Ijyb
  2336 | D:3      | Killed from afar by Ijyb

Illustrated notes

Levels and vault maps discovered:
D:1:      scummos_arrival_simple_fountains, layout_rooms
D:2:      layout_loops_cross, gammafunk_temple_overflow_elements,
          grunt_decor_one_mirror
D:3:      layout_loops_ring, nicolae_gozag_seed_capital,
          nicolae_uskayaw_dance_studio, minmay_diced_spiral, uniq_ijyb

Skill      XL: |  1 |
---------------+----+-----
Dodging        | 3 |  3.2
Fighting       | |  0.1
Short Blades   | |  0.8
Armour         | |  0.4
Stealth        | |  2.3
Spellcasting   | |  2.5
Summonings     | |  4.7

Action                   |  1- 3 |  4- 6 || total
-------------------------+-------+-------++-------
Melee: Dagger            |    86 |       ||    86
       Club              |     1 |       ||     1
       War axe           |       |    19 ||    19
Throw: Javelin           |       |     3 ||     3
 Cast: Summon Small Mamm |    52 |    12 ||    64
  Use: Scroll            |     1 |     2 ||     3
 Stab: Sleeping          |     3 |       ||     3
Armor: Leather armour    |    43 |     5 ||    48
       Chain mail        |       |    24 ||    24
       Skin              |       |     6 ||     6
Dodge: Dodged            |    78 |    27 ||   105

Table legend: (Time is in decaauts)
 A = Elapsed time spent in this place.
 B = Non-inter-level travel time spent in this place.
 C = Inter-level travel time spent in this place.
 D = Time resting spent in this place.
 E = Time spent auto-exploring this place.
 F = Levels seen in this place.
 G = Mean time per level.
                   A        B        C        D        E       F      G
               +--------+--------+--------+--------+--------+-----+--------+
         Total |   2344 |   2227 |    117 |      0 |   1037 |   3 |  781.3 |
       Dungeon |   2344 |   2227 |    117 |      0 |   1037 |   3 |  781.3 |
               +--------+--------+--------+--------+--------+-----+--------+

Top non-repeatable levels by time:
     D:2: 1462 daAuts
     D:1: 700 daAuts
     D:3: 182 daAuts
